[Event "Titled Tuesday Blitz March 07 Early 2023"]
[White "Ronka, Erik"]
[Black "Fiorito, Francisco"]
[WhiteFideId "505080"]
[BlackFideId "180165"]
[WhiteElo "2264"]
[BlackElo "2341"]
[Result "0-1"]
[Round "11"]
[TimeControl "180+2"]
[Date "2023.03.07"]
[WhiteClock "0:00:02"]
[BlackClock "0:00:04"]

1. e4 c5 2. Nf3 Nc6 3. d4 cxd4 4. Nxd4 g6 5. Nc3 Bg7 6. Be3 Nf6 7. Nxc6 bxc6 8. e5 Ng8 9. Bd4 Qa5 10. Qe2 f6 11. exf6 Nxf6 12. O-O-O d5 13. Re1 O-O 14. h4 Bf5 15. f3 Rfe8 16. g4 e5 17. Be3 d4 18. gxf5 dxc3 19. Qc4+ Nd5 20. bxc3 Qa3+ 21. Kd2 e4 22. Bd4 Rad8 23. fxe4 Bh6+ 24. Kd3 c5 25. exd5 Rxe1 26. d6+ Kf8 27. fxg6 hxg6 28. Bg2 Rxh1 29. Bxh1 cxd4 0-1


[Site "https://www.chess.com"]

[Event "Titled Tuesday Blitz March 07 Early 2023"]
[White "Nur-Mukhametova, Alisa"]
[Black "Kim, Sergey"]
[WhiteFideId "54117739"]
[BlackFideId "13700570"]
[WhiteElo "1903"]
[BlackElo "2622"]
[Result "0-1"]
[Round "11"]
[TimeControl "180+2"]
[Date "2023.03.07"]
[WhiteClock "0:00:02"]
[BlackClock "0:00:18"]

1. d4 Nf6 2. c4 g6 3. Nc3 Bg7 4. Nf3 d6 5. g3 O-O 6. Bg2 Nbd7 7. O-O e5 8. e4 exd4 9. Nxd4 Re8 10. Re1 Nc5 11. h3 c6 12. f4 a5 13. b3 Qb6 14. Kh2 a4 15. Rb1 axb3 16. axb3 Qb4 17. Bd2 Qb6 18. Be3 Qc7 19. Bf2 Ne6 20. Nf3 Ng4+ 21. hxg4 Bxc3 22. Re3 Bg7 23. g5 Nc5 24. Qc2 Bg4 25. Ree1 b6 26. b4 Ne6 27. Rbd1 Ra3 28. Rd3 Rea8 29. Qd2 Ra2 30. Qe3 c5 31. e5 Rd8 32. exd6 Rxd6 33. Rxd6 Qxd6 34. bxc5 bxc5 35. Ne5 Bf5 36. Bd5 h5 37. Kg1 Qb6 38. Nd7 Qb2 39. Nf6+ Bxf6 40. gxf6 Qxf6 41. Bxe6 Bxe6 42. Qxc5 Ra1 43. Rxa1 Qxa1+ 44. Kg2 Qa2 45. Qd4 Bxc4 46. Qd8+ Kh7 47. Qd4 Bd5+ 48. Kh2 Bc6 49. Qc5 Ba8 50. Qa7 Qd5 0-1


[Site "https://www.chess.com"]

[Event "Titled Tuesday Blitz March 07 Early 2023"]
[White "Lewtak, Damian"]
[Black "Staudenhocker43"]
[WhiteFideId "1141724"]
[WhiteElo "2302"]
[BlackElo "2450"]
[Result "1-0"]
[Round "11"]
[TimeControl "180+2"]
[Date "2023.03.07"]
[WhiteClock "0:00:44"]
[BlackClock "0:00:45"]

1. e4 e5 2. Nf3 Nf6 3. Nxe5 d6 4. Nf3 Nxe4 5. c3 d5 6. d3 Nf6 7. Be2 Bd6 8. O-O O-O 9. Bg5 h6 10. Bh4 Re8 11. Nbd2 c6 12. Re1 Nbd7 13. Bg3 Nf8 14. Bxd6 Qxd6 15. Bf1 Bf5 16. Qb3 Qc7 17. h3 Ng6 18. Qa4 a6 19. Qd4 c5 20. Qa4 Bd7 21. Qa3 a5 22. d4 c4 23. b3 cxb3 24. Qxb3 Rac8 25. c4 Bc6 26. c5 Ne4 27. Rab1 Rcd8 28. Qb6 Qf4 29. Qb2 Re7 30. g3 Qf6 31. Bg2 Rde8 32. Qc2 a4 33. Re3 Nxd2 34. Qxd2 Rxe3 35. fxe3 Qg5 36. Kf2 Ne7 37. Nxg5 1-0


[Site "https://www.chess.com"]

[Event "Titled Tuesday Blitz March 07 Early 2023"]
[White "Matutururu, Maxman"]
[Black "Leiva, Gianmarco"]
[WhiteFideId "11004487"]
[BlackFideId "3804399"]
[WhiteElo "2445"]
[BlackElo "2345"]
[Result "1-0"]
[Round "11"]
[TimeControl "180+2"]
[Date "2023.03.07"]
[WhiteClock "0:00:02"]
[BlackClock "0:00:07"]

1. d4 Nf6 2. c4 e6 3. Nc3 Bb4 4. Nf3 O-O 5. Bg5 c5 6. Rc1 d5 7. cxd5 exd5 8. e3 Nc6 9. a3 Bxc3+ 10. Rxc3 c4 11. Be2 h6 12. Bh4 g5 13. Bg3 Ne4 14. Rc1 f6 15. O-O Bf5 16. Nd2 Re8 17. Bh5 Re7 18. Nxe4 Bxe4 19. b3 b5 20. a4 a6 21. bxc4 dxc4 22. axb5 axb5 23. Bf3 Qd5 24. Bxe4 Rxe4 25. Qh5 Kg7 26. Ra1 Ree8 27. f4 Rxa1 28. Rxa1 Rxe3 29. Bf2 Re7 30. Ra8 c3 31. fxg5 Qxg5 32. Qd1 Nb4 33. h4 Qf4 34. Qb3 Qc1+ 35. Kh2 Rf7 36. Qe6 Qf4+ 37. Bg3 Qxd4 38. Qc8 Kg6 39. Qg8+ Rg7 40. h5+ Kxh5 41. Qxg7 Qd5 42. Rg8 Qf5 43. Qf7+ Qg6 44. Qxg6# 1-0


[Site "https://www.chess.com"]

[Event "Titled Tuesday Blitz March 07 Early 2023"]
[White "Slade, Theodore"]
[Black "Vlassov, Nikolai"]
[WhiteFideId "426547"]
[BlackFideId "4103360"]
[WhiteElo "1964"]
[BlackElo "2324"]
[Result "1-0"]
[Round "11"]
[TimeControl "180+2"]
[Date "2023.03.07"]
[WhiteClock "0:00:04"]
[BlackClock "0:00:01"]

1. d4 Nf6 2. c4 Nc6 3. Nf3 e6 4. Nc3 Bb4 5. Qc2 d6 6. Bd2 O-O 7. e3 Qe7 8. Be2 e5 9. a3 Bxc3 10. Bxc3 Bg4 11. dxe5 dxe5 12. h3 Bh5 13. O-O Rfe8 14. b4 e4 15. Nd4 Bxe2 16. Nxc6 bxc6 17. Qxe2 a5 18. bxa5 Nd7 19. Qg4 f6 20. Rfd1 Nc5 21. Bb4 Qe5 22. Bxc5 Qxc5 23. Rd7 Re7 24. Rad1 Rae8 25. Rxe7 Rxe7 26. Rd8+ Kf7 27. a6 Qxa3 28. Qh5+ Ke6 29. Qg4+ f5 30. Qh5 Qxa6 31. Qxh7 Qa1+ 32. Kh2 Qe5+ 33. g3 Qf6 34. Qg8+ Qf7 35. Qh7 Ke5 36. Qh4 Rd7 37. Qf4+ Kf6 38. Rh8 Qxc4 39. Rf8+ Rf7 40. Qh4+ Ke6 41. Re8+ Kd6 42. Qd8+ Rd7 43. Qg5 Qf7 44. Qf4+ Kc5 45. Qe5+ Rd5 46. Qc3+ Kd6 47. Qb4+ c5 48. Qa4 Qd7 49. Qa8 c4 50. Rd8 Qxd8 51. Qxd8+ Kc6 52. Qe8+ Kb6 53. Qe6+ Kc5 54. Qe7+ Kb6 55. Qxg7 Rd3 56. Qb2+ Kc5 57. Qe5+ Kb4 58. Qxc7 c3 59. Qb6+ Kc4 60. Qc6+ Kb3 61. Qb5+ Ka2 62. Qa5+ Kb3 63. Qb5+ Ka3 64. Qxf5 c2 65. Qc5+ Kb2 66. Qb4+ Ka2 67. Qxe4 Rc3 68. Qa4+ Kb2 69. Qb4+ Rb3 70. Qd2 Kb1 71. h4 c1=Q 72. Qxc1+ Kxc1 73. h5 Kd2 74. g4 Kd3 75. Kg3 Ke4 76. Kh4 Ke5 77. Kg5 Rb8 78. h6 Rg8+ 79. Kh5 Kf6 80. f4 Re8 81. g5+ Kf7 82. h7 Kg7 83. g6 Rxe3 84. f5 Rf3 85. Kg5 Rg3+ 86. Kf4 Rh3 87. Ke5 Rh1 88. Kf4 Rf1+ 89. Kg5 Rg1+ 90. Kh5 Rh1+ 91. Kg5 Rg1+ 92. Kf4 Rh1 93. Ke5 Re1+ 94. Kd6 Rd1+ 95. Ke6 Re1+ 96. Kd5 Rh1 97. Ke4 Re1+ 98. Kf3 Re8 99. Kg4 Kf6 100. Kh5 Kg7 101. Kg5 Re5 102. Kf4 Re8 103. Kg4 Kf6 104. Kh5 Kg7 105. f6+ Kxf6 106. Kh6 1-0


[Site "https://www.chess.com"]

[Event "Titled Tuesday Blitz March 07 Early 2023"]
[White "Sielecki, Christof"]
[Black "Shubenkova, Veronika"]
[WhiteFideId "4620437"]
[BlackFideId "44124040"]
[WhiteElo "2443"]
[BlackElo "2027"]
[Result "1/2-1/2"]
[Round "11"]
[TimeControl "180+2"]
[Date "2023.03.07"]
[WhiteClock "0:00:06"]
[BlackClock "0:01:19"]

1. e4 e6 2. d4 d5 3. Nd2 Nf6 4. e5 Nfd7 5. c3 c5 6. f4 Nc6 7. Ndf3 a6 8. Bd3 b5 9. Ne2 Qb6 10. O-O g6 11. Kh1 Be7 12. Be3 c4 13. Bc2 a5 14. g4 Ba6 15. f5 gxf5 16. gxf5 O-O-O 17. Nf4 Ncxe5 18. Nxe5 Nxe5 19. fxe6 fxe6 20. Nxe6 Rdg8 21. Bf5 Nd7 22. Nc5 Bxc5 23. dxc5 Qc6 24. Bd4 Bb7 25. Qf3 Kb8 26. Bxd7 Qxd7 27. Rae1 Re8 28. Qf4+ Ka8 29. Qd6 Qc8 30. c6 Qxc6 31. Qxc6 Bxc6 32. Bxh8 Rxh8 33. Re6 Bb7 34. Kg1 Rg8+ 35. Kf2 b4 36. Rfe1 Ka7 37. Re7 Rf8+ 38. Kg3 Rg8+ 39. Kf4 Rf8+ 40. Kg5 Rg8+ 41. Kh6 Rg2 42. Rd7 Rxh2+ 43. Kg7 bxc3 44. bxc3 Rb2 45. Ree7 a4 46. Kxh7 Ka6 47. Rd6+ Ka7 48. Rxd5 Rxa2 49. Rb5 Rh2+ 50. Kg7 Rg2+ 51. Kf8 a3 52. Rexb7+ Ka6 53. R5b6+ Ka5 54. Rb5+ Ka6 55. R7b6+ Ka7 56. Rb4 a2 57. R6b5 Ka6 58. Rb8 Ka7 59. R8b7+ Ka6 60. R7b6+ Ka7 61. R6b5 Ka6 62. Rb6+ Ka7 1/2-1/2


[Site "https://www.chess.com"]

[Event "Titled Tuesday Blitz March 07 Early 2023"]
[White "Jakubowski, Krzysztof"]
[Black "Zhukova, Natalia"]
[WhiteFideId "1112848"]
[BlackFideId "14101513"]
[WhiteElo "2359"]
[BlackElo "2297"]
[Result "1-0"]
[Round "11"]
[TimeControl "180+2"]
[Date "2023.03.07"]
[WhiteClock "0:00:13"]
[BlackClock "0:00:01"]

1. e4 e5 2. Nf3 Nc6 3. Bc4 Nf6 4. Ng5 d5 5. exd5 Na5 6. Bb5+ c6 7. dxc6 bxc6 8. Bd3 h6 9. Ne4 Nd5 10. O-O Nf4 11. Be2 Be7 12. d3 Nxe2+ 13. Qxe2 O-O 14. Nbc3 c5 15. f4 Nc6 16. fxe5 Nxe5 17. Be3 Ng4 18. Kh1 f5 19. Nf2 Nxe3 20. Qxe3 Bb7 21. Rae1 Rf7 22. Nh3 Qb6 23. Nf4 Bg5 24. Qg3 Qxb2 25. Nfd5 Qxc2 26. h4 Bf6 27. Rc1 Qb2 28. Rb1 Qa3 29. Nxf6+ Kh8 30. Nfd5 Rd8 31. Qe5 Rfd7 32. Rxb7 Rxb7 33. Nf4 Qb2 34. h5 Qb4 35. Ng6+ Kh7 36. Qxf5 Qd4 37. Nf8+ 1-0


[Site "https://www.chess.com"]

[Event "Titled Tuesday Blitz March 07 Early 2023"]
[White "Bews, Steven"]
[Black "Begunov, Konstantin"]
[WhiteFideId "2400529"]
[BlackFideId "4118510"]
[WhiteElo "2585"]
[BlackElo "2079"]
[Result "1-0"]
[Round "11"]
[TimeControl "180+2"]
[Date "2023.03.07"]
[WhiteClock "0:00:10"]
[BlackClock "0:00:11"]

1. e4 c5 2. Nf3 d6 3. d4 cxd4 4. Nxd4 Nf6 5. Nc3 a6 6. f3 e5 7. Nb3 Be7 8. Be3 O-O 9. Qd2 b5 10. O-O-O Be6 11. g4 b4 12. Nd5 Bxd5 13. exd5 a5 14. h4 a4 15. Na1 Qa5 16. h5 a3 17. b3 Nfd7 18. g5 Na6 19. g6 fxg6 20. hxg6 hxg6 21. Bd3 Rf6 22. Rdg1 Nf8 23. Bg5 Nc7 24. Qh2 Kf7 25. Bxf6 Bxf6 26. Bxg6+ Nxg6 27. Qh5 Qxd5 28. Rxg6 Ke7 29. Qf5 Ne8 30. c4 Qd4 31. Nc2 Qb2+ 32. Kd2 Qxa2 33. Qe4 Rc8 34. Qb7+ Kd8 35. Qxb4 Qb2 36. Qxa3 Qxa3 37. Nxa3 Ke7 38. Nb5 Kf7 39. Rgg1 Rb8 40. Ra1 d5 41. Ra7+ Kg6 42. Rg1+ Kf5 43. Kd3 dxc4+ 44. bxc4 Rd8+ 45. Kc2 Nd6 46. Nxd6+ Rxd6 47. Rd1 Rc6 48. Kd3 Kf4 49. Ra2 Rd6+ 50. Ke2 Rxd1 51. Kxd1 Kxf3 52. c5 e4 53. c6 Be5 54. Ra7 e3 55. Rf7+ Ke4 56. c7 Kd3 57. Rd7+ Ke4 58. c8=Q Bd4 59. Qc4 e2+ 60. Kxe2 Kf5 61. Rxd4 1-0


[Site "https://www.chess.com"]

[Event "Titled Tuesday Blitz March 07 Early 2023"]
[White "Malyi, Viacheslav"]
[Black "Szyszylo, Rafal"]
[WhiteFideId "14123983"]
[BlackFideId "1109626"]
[WhiteElo "2291"]
[BlackElo "1951"]
[Result "0-1"]
[Round "11"]
[TimeControl "180+2"]
[Date "2023.03.07"]
[WhiteClock "0:01:35"]
[BlackClock "0:00:56"]

1. e4 g6 2. d4 d6 3. Nc3 Nf6 4. f4 Bg7 5. Nf3 O-O 6. Bd3 Na6 7. O-O c5 8. d5 Bg4 9. Qe1 Nb4 10. a3 Nxd3 11. cxd3 Bxf3 12. Rxf3 e6 13. dxe6 fxe6 14. f5 exf5 15. exf5 gxf5 16. Qe6+ Kh8 17. Rxf5 Re8 18. Qb3 Re1+ 19. Rf1 Rxf1+ 20. Kxf1 Ng4 21. Bf4 Qh4 22. Bg3 Rf8+ 23. Kg1 Bd4+ 24. Kh1 Nf2+ 25. Bxf2 Qxf2 26. h3 Rg8 27. Qd5 Qxb2 28. Re1 Qxc3 29. Re7 Qc1+ 30. Kh2 Qg1# 0-1


[Site "https://www.chess.com"]

[Event "Titled Tuesday Blitz March 07 Early 2023"]
[White "Kostiukov, Alexandr"]
[Black "Sharapov, Evgeny"]
[WhiteFideId "14108100"]
[BlackFideId "14103133"]
[WhiteElo "2202"]
[BlackElo "2367"]
[Result "0-1"]
[Round "11"]
[TimeControl "180+2"]
[Date "2023.03.07"]
[WhiteClock "0:00:08"]
[BlackClock "0:01:22"]

1. g3 c5 2. Bg2 Nc6 3. c4 g6 4. Nf3 Bg7 5. O-O e5 6. d3 Nge7 7. Nc3 d6 8. a3 a5 9. Rb1 O-O 10. Ne1 Be6 11. Nd5 Rb8 12. b4 axb4 13. axb4 Bxd5 14. cxd5 Nxb4 15. Bd2 Nbxd5 16. Qb3 Nc7 17. Ba5 Qd7 18. Qb6 Ne6 19. Bxb7 Nd5 20. Qa6 Nb4 21. Bxb4 Qxb7 22. Qxd6 cxb4 23. Nc2 b3 24. Ne3 Rfd8 25. Qa3 Nd4 26. Rfe1 e4 27. Qc5 exd3 28. exd3 Nf3+ 0-1


[Site "https://www.chess.com"]

[Event "Titled Tuesday Blitz March 07 Early 2023"]
[White "Ruge, Edison"]
[Black "Kokoszczynski, Jan"]
[WhiteFideId "4401000"]
[BlackFideId "1174460"]
[WhiteElo "2175"]
[BlackElo "2139"]
[Result "1-0"]
[Round "11"]
[TimeControl "180+2"]
[Date "2023.03.07"]
[WhiteClock "0:00:17"]
[BlackClock "0:00:06"]

1. e4 e5 2. Nf3 Nc6 3. Bb5 a6 4. Ba4 Nf6 5. Qe2 b5 6. Bb3 Be7 7. a4 Rb8 8. axb5 axb5 9. Nc3 O-O 10. O-O d6 11. h3 b4 12. Nd5 Nxd5 13. Bxd5 Bd7 14. d3 Qe8 15. Be3 Nd8 16. Ra7 c6 17. Bb3 Be6 18. Nd2 c5 19. Ba4 Nc6 20. Rxe7 Qxe7 21. Bxc6 Qc7 22. Bd5 Bxd5 23. exd5 b3 24. c3 Qa5 25. Nc4 Qc7 26. f4 f6 27. Qg4 Rbe8 28. Ra1 f5 29. Qd1 g5 30. fxe5 dxe5 31. Bxg5 Qg7 32. Be3 f4 33. Bxc5 f3 34. Qd2 Rf6 35. Ra7 Qg3 36. Qf2 Qg6 37. g4 Qxd3 38. Ne3 Kh8 39. Kh2 Qe4 40. d6 Qf4+ 41. Kg1 Rg8 42. d7 h5 43. Be7 Rf7 44. Nf5 hxg4 45. d8=Q g3 46. Qxg8+ Kxg8 47. Qxg3+ Qxg3+ 48. Nxg3 f2+ 49. Kf1 e4 50. Nxe4 1-0


[Site "https://www.chess.com"]

[Event "Titled Tuesday Blitz March 07 Early 2023"]
[White "Galchenko, Matvey"]
[Black "Estrada Nieto, Julian"]
[WhiteFideId "24175480"]
[BlackFideId "5101018"]
[WhiteElo "2404"]
[BlackElo "2176"]
[Result "1-0"]
[Round "11"]
[TimeControl "180+2"]
[Date "2023.03.07"]
[WhiteClock "0:00:09"]
[BlackClock "0:00:08"]

1. f4 d5 2. Nf3 g6 3. g3 Bg7 4. Bg2 Nf6 5. O-O O-O 6. d3 c5 7. Ne5 Nc6 8. Nxc6 bxc6 9. e4 dxe4 10. dxe4 Ba6 11. Qxd8 Rfxd8 12. Re1 Rab8 13. e5 Nd5 14. c3 Bd3 15. Nd2 c4 16. Bf1 Bxf1 17. Kxf1 Nb6 18. a4 a5 19. Ne4 f6 20. Nc5 fxe5 21. Ne6 Rd5 22. Nxg7 Kxg7 23. fxe5 Nd7 24. e6 Nc5 25. Rb1 Nd3 26. Re2 Rf8+ 27. Kg2 Rb8 28. Be3 c5 29. Rf1 Rf8 30. Bh6+ Kxh6 31. Rxf8 Rd6 32. Rf7 Nc1 33. Re5 Nd3 34. Re2 Nc1 35. Re4 Rb6 36. Rxe7 Rxb2+ 37. Kf3 Nd3 38. Rd7 Rf2+ 39. Ke3 Rxh2 40. e7 Rh1 41. Rh4+ Kg5 42. Rxh1 Ne5 43. e8=Q Ng4+ 44. Kf3 Nf6 45. Qe5# 1-0


[Site "https://www.chess.com"]

[Event "Titled Tuesday Blitz March 07 Early 2023"]
[White "surrenderPLS"]
[Black "Harsh Suresh"]
[BlackFideId "45018464"]
[WhiteElo "2489"]
[BlackElo "2227"]
[Result "0-1"]
[Round "11"]
[TimeControl "180+2"]
[Date "2023.03.07"]
[WhiteClock "0:00:17"]
[BlackClock "0:02:01"]

1. e4 c5 2. Nf3 g6 3. d4 cxd4 4. Qxd4 Nf6 5. Nc3 Nc6 6. Qa4 d6 7. e5 dxe5 8. Nxe5 Bg7 9. Bb5 O-O 10. Nxc6 bxc6 11. Bxc6 Rb8 12. O-O a5 13. a3 Bf5 14. Rb1 Qc7 15. Bf4 e5 16. Bg3 Nh5 17. Nd5 Qd6 18. Ne3 Nxg3 19. hxg3 Be6 20. Rfd1 Qc7 21. c3 Bb3 22. Rd7 Qxd7 0-1


[Site "https://www.chess.com"]

[Event "Titled Tuesday Blitz March 07 Early 2023"]
[White "Petrosian, Karlen"]
[Black "Omariev, Maksim"]
[WhiteFideId "4176146"]
[BlackFideId "4193423"]
[WhiteElo "2345"]
[BlackElo "2485"]
[Result "1-0"]
[Round "11"]
[TimeControl "180+2"]
[Date "2023.03.07"]
[WhiteClock "0:00:08"]
[BlackClock "0:00:01"]

1. e4 c5 2. Be2 d6 3. f4 Nc6 4. Nf3 e5 5. O-O Be7 6. fxe5 dxe5 7. Bc4 Nf6 8. d3 Bg4 9. h3 Bxf3 10. Qxf3 Nd4 11. Qf2 b5 12. Bd5 Rc8 13. c3 Nc6 14. Bg5 O-O 15. Bxf6 Bxf6 16. Nd2 Rc7 17. Nf3 Ne7 18. c4 g6 19. Nd2 Bg5 20. Nf3 Bf6 21. Qe3 Kg7 22. Rf2 Nxd5 23. exd5 bxc4 24. dxc4 e4 25. Qxe4 Re7 26. Qd3 Rfe8 27. Raf1 Re3 28. Qc2 R8e7 29. Kh1 Qd6 30. b3 h5 31. Qd1 Bc3 32. Ng5 Re1 33. Rxf7+ Kh6 34. Qd3 Rxf1+ 35. Rxf1 Kxg5 36. Qxc3 Re4 37. Qd2+ Rf4 38. g3 1-0


[Site "https://www.chess.com"]

[Event "Titled Tuesday Blitz March 07 Early 2023"]
[White "Khamdamova, Afruza"]
[Black "Skliarov, Viktor"]
[WhiteFideId "14210444"]
[BlackFideId "14106736"]
[WhiteElo "2210"]
[BlackElo "2289"]
[Result "0-1"]
[Round "11"]
[TimeControl "180+2"]
[Date "2023.03.07"]
[WhiteClock "0:00:06"]
[BlackClock "0:00:13"]

1. c4 e5 2. Nc3 Bb4 3. Nd5 Ba5 4. b4 c6 5. bxa5 cxd5 6. cxd5 Qxa5 7. e4 Nf6 8. Qc2 O-O 9. Bb2 d6 10. Bc3 Qd8 11. Nf3 Bg4 12. Be2 Nbd7 13. O-O Nc5 14. d3 Rc8 15. Rfc1 Qd7 16. h3 Bxf3 17. Bxf3 Na4 18. Qb3 Nxc3 19. Rxc3 Rxc3 20. Qxc3 Rc8 21. Qa5 b6 22. Qb4 Qc7 23. a4 Qc5 24. Qb3 h6 25. a5 bxa5 26. Qa4 Rb8 27. Qxa5 Rb1+ 28. Kh2 Rxa1 29. Qxa1 Qxf2 30. Qa3 Qb6 31. Qc3 g6 32. Qc8+ Kg7 33. h4 Qf2 34. h5 gxh5 35. Qc7 Qb6 36. Qc8 a5 37. Bxh5 a4 38. Bxf7 Kxf7 39. Qe6+ Kg6 40. Qf5+ Kg7 41. Qe6 Qa7 42. d4 Qxd4 43. Qe7+ Kg6 44. Qxd6 Qxe4 45. Qa6 Qh4+ 46. Kg1 Qd4+ 47. Kh2 e4 48. d6 e3 49. Qe2 Qxd6+ 50. g3 Qd2 51. Kh3 Qxe2 52. g4 Qxg4+ 53. Kh2 Kf5 0-1


[Site "https://www.chess.com"]

[Event "Titled Tuesday Blitz March 07 Early 2023"]
[White "Womacka, Mathias"]
[Black "Kvaloy, Aksel Bu"]
[WhiteFideId "4611390"]
[BlackFideId "1528815"]
[WhiteElo "2377"]
[BlackElo "2208"]
[Result "1-0"]
[Round "11"]
[TimeControl "180+2"]
[Date "2023.03.07"]
[WhiteClock "0:00:06"]
[BlackClock "0:00:59"]

1. e4 e5 2. Nf3 Nf6 3. Nxe5 Nc6 4. Nxc6 dxc6 5. d3 Bc5 6. Be3 Bxe3 7. fxe3 Ng4 8. Qf3 Qg5 9. Qf4 Qb5 10. b3 Qc5 11. Kd2 Be6 12. d4 O-O-O 13. Bd3 Qa5+ 14. Nc3 g5 15. Qg3 h5 16. h3 h4 17. Qf3 Nh6 18. a3 c5 19. d5 Bd7 20. e5 Rhe8 21. Qf6 Ng8 22. Qxg5 c6 23. d6 c4 24. Bxc4 Rxe5 25. Qxh4 Be6 26. Bxe6+ Rxe6 27. Qb4 Rdxd6+ 28. Kc1 Qg5 29. Kb2 Ne7 30. Rad1 Rxd1 31. Rxd1 Qxe3 32. Qd4 Qxd4 33. Rxd4 Rg6 34. g4 Rh6 35. Rd3 Ng6 36. Ne4 Kc7 37. Rf3 Nh8 38. g5 Rh4 39. Nf6 Kd6 40. Kc3 Ng6 41. Ng4 Ke6 42. Kd4 Ne7 43. Rf6+ Kd7 44. Rxf7 Rxh3 45. Ne5+ Ke6 46. Rf6# 1-0


[Site "https://www.chess.com"]

[Event "Titled Tuesday Blitz March 07 Early 2023"]
[White "Odegov, Artem"]
[Black "Dudzinski, Pawel"]
[WhiteFideId "34183644"]
[BlackFideId "1117890"]
[WhiteElo "2300"]
[BlackElo "2099"]
[Result "1-0"]
[Round "11"]
[TimeControl "180+2"]
[Date "2023.03.07"]
[WhiteClock "0:00:20"]
[BlackClock "0:00:02"]

1. d4 d5 2. c4 c6 3. Nc3 e6 4. Nf3 f5 5. g4 g6 6. gxf5 exf5 7. h4 Nf6 8. Ne5 Nbd7 9. Bg5 Be7 10. e3 Nxe5 11. dxe5 Ne4 12. Nxe4 dxe4 13. Qxd8+ Bxd8 14. O-O-O Be6 15. Rd6 Bxg5 16. Rxe6+ Be7 17. c5 Kd7 18. Bc4 Bxc5 19. Rd1+ Kc7 20. Rf6 Rae8 21. Rf7+ Re7 22. e6 Rd8 23. Rh1 a5 24. a3 b5 25. Ba2 Rxf7 26. exf7 f4 27. Rh3 fxe3 28. fxe3 Kd6 29. h5 g5 30. h6 Ke7 31. Rg3 Rd3 32. Kc2 Bxe3 33. Rg2 Bf4 34. Be6 Rg3 35. Rxg3 Bxg3 36. Bf5 e3 37. Bxh7 Kxf7 38. Kd3 Bf4 39. Bf5 c5 40. Bd7 c4+ 41. Ke2 b4 42. axb4 axb4 43. Bb5 Kg6 44. h7 Kxh7 45. Bxc4 Kh6 46. Kf3 Kh5 47. b3 Kh4 48. Be6 1-0


[Site "https://www.chess.com"]

[Event "Titled Tuesday Blitz March 07 Early 2023"]
[White "Chylewski, Patryk"]
[Black "Manukian, Artak"]
[WhiteFideId "1186191"]
[BlackFideId "13301373"]
[WhiteElo "2163"]
[BlackElo "2130"]
[Result "1/2-1/2"]
[Round "11"]
[TimeControl "180+2"]
[Date "2023.03.07"]
[WhiteClock "0:01:39"]
[BlackClock "0:00:52"]

1. f4 e5 2. e4 d5 3. exd5 e4 4. Nc3 Nf6 5. d3 Bb4 6. Bd2 e3 7. Bxe3 O-O 8. Be2 Nxd5 9. Bd2 Bc5 10. Nxd5 Qxd5 11. Nf3 Re8 12. Kf1 Nc6 13. c3 Bg4 14. d4 Rad8 15. h3 Bxf3 16. Bxf3 Qc4+ 1/2-1/2


[Site "https://www.chess.com"]

[Event "Titled Tuesday Blitz March 07 Early 2023"]
[White "Sargissyan, Sargis"]
[Black "Borrmann, Laurenz"]
[WhiteFideId "13303210"]
[BlackFideId "312187930"]
[WhiteElo "2109"]
[BlackElo "2312"]
[Result "0-1"]
[Round "11"]
[TimeControl "180+2"]
[Date "2023.03.07"]
[WhiteClock "0:00:14"]
[BlackClock "0:00:06"]

1. e4 c5 2. Nf3 Nc6 3. d4 cxd4 4. Nxd4 Nf6 5. Nc3 e6 6. Ndb5 d6 7. Bf4 e5 8. Bg5 a6 9. Na3 Be7 10. Bxf6 Bxf6 11. Nc4 O-O 12. Qxd6 Be6 13. Qxd8 Rfxd8 14. Nb6 Rab8 15. Ncd5 Bg5 16. Bd3 Nd4 17. O-O f5 18. c3 fxe4 19. Bxe4 Ne2+ 20. Kh1 Rd6 21. Rfe1 Nf4 22. c4 Bd8 23. Nxf4 exf4 24. Bd5 Bxb6 25. Rxe6 Rxe6 26. Bxe6+ Kf8 27. g3 f3 28. Bd5 Bxf2 29. Rf1 Bd4 30. Rxf3+ Ke7 31. b3 b5 32. Rf7+ Kd6 33. Kg2 bxc4 34. Bxc4 a5 35. a4 Re8 36. h4 Re3 37. Rf3 Re1 38. Rd3 Kc5 39. Kh3 Re5 40. Kg4 Re7 41. Rf3 Kb6 42. Rf5 Bc5 43. h5 Re3 44. Rg5 Bd6 45. Kh3 Re7 46. Rb5+ Kc7 47. Rxa5 Re3 48. Rg5 Be5 49. a5 h6 50. Rg4 Kc6 51. a6 Kb6 52. Rg6+ Ka7 53. Kg2 Bc7 54. Kf2 Re7 55. Kg2 Bb6 56. Kh3 Be3 57. Rg4 Bg5 58. Rd4 Bf6 59. Rd5 Be5 60. Kg4 Bc7 61. Rf5 Re4+ 62. Kh3 Re3 63. Rf7 Kb6 64. Kh4 Bxg3+ 65. Kg4 Bb8 66. Kf5 Re5+ 67. Kg6 Rg5+ 68. Kh7 Bc7 69. Re7 Ra5 70. Rxg7 Bf4 71. Rg6+ Ka7 72. Rg7+ Kb6 73. Rg6+ Ka7 74. Kg8 Bg5 75. Rg7+ Kb6 76. Rb7+ Kc6 77. a7 Kxb7 78. Kf7 Kxa7 79. Kg7 Kb6 80. Kf7 Kc5 81. Kg7 Kb4 82. Kf7 Re5 83. Kg7 Kc5 84. Kg6 Re4 85. Kf7 Rh4 86. Kg6 Bd2 87. Kf5 Rh3 88. Kg6 Rg3+ 89. Kh7 Rg5 90. b4+ Kxc4 91. b5 Rxb5 0-1


[Site "https://www.chess.com"]

[Event "Titled Tuesday Blitz March 07 Early 2023"]
[White "Migot, Tangi"]
[Black "Postnikov, Artem"]
[WhiteFideId "662445"]
[BlackFideId "34153575"]
[WhiteElo "2538"]
[BlackElo "2243"]
[Result "0-1"]
[Round "11"]
[TimeControl "180+2"]
[Date "2023.03.07"]
[WhiteClock "0:00:05"]
[BlackClock "0:00:06"]

1. Nf3 Nf6 2. d4 g6 3. Bf4 Bg7 4. e3 O-O 5. Be2 d6 6. O-O Nbd7 7. c4 Ne4 8. Qc2 f5 9. Bd3 e5 10. dxe5 dxe5 11. Bxe4 exf4 12. Bd5+ Kh8 13. exf4 Qf6 14. Ne5 Nxe5 15. fxe5 Qxe5 16. Nc3 c6 17. Rfe1 Qf6 18. Bf3 Bd7 19. Rad1 Rad8 20. Na4 Bc8 21. b3 Rxd1 22. Rxd1 Rd8 23. g3 Rxd1+ 24. Qxd1 Qa1 25. Qxa1 Bxa1 26. Nc5 Bd4 27. Nd3 Kg7 28. h4 Kf6 29. Kf1 h6 30. Bg2 g5 31. hxg5+ hxg5 32. Ke2 a5 33. a4 Ke7 34. f4 g4 35. Bf1 Kd6 36. Kd2 Be6 37. Be2 b5 38. axb5 cxb5 39. cxb5 Bxb3 40. b6 Bxb6 41. Kc3 Bd5 42. Bd1 Be4 43. Bc2 Ke6 44. Bb3+ Kf6 45. Ne5 Bf2 46. Bd1 Bxg3 47. Nxg4+ fxg4 48. Bxg4 Bxf4 49. Bd7 Bd6 50. Kb3 Ke5 51. Ka4 Bb4 52. Kb3 Kd4 53. Bb5 Bd5+ 54. Ka4 Kc5 55. Be8 Bc6+ 56. Bxc6 Kxc6 57. Kb3 Kb5 58. Ka2 a4 0-1


[Site "https://www.chess.com"]

[Event "Titled Tuesday Blitz March 07 Early 2023"]
[White "Garv Gaur"]
[Black "Pino Perez, Lazaro"]
[WhiteFideId "45030839"]
[BlackFideId "3517055"]
[WhiteElo "2068"]
[BlackElo "2170"]
[Result "1-0"]
[Round "11"]
[TimeControl "180+2"]
[Date "2023.03.07"]
[WhiteClock "0:00:49"]
[BlackClock "0:00:04"]

1. e4 c5 2. Nf3 g6 3. h4 h5 4. Bc4 Nc6 5. d3 Bg7 6. Nc3 e6 7. Bg5 Nge7 8. Qe2 a6 9. a4 Qa5 10. Bd2 Qc7 11. O-O O-O 12. g3 b6 13. Rfe1 Bb7 14. Rad1 Nd4 15. Nxd4 cxd4 16. Nb1 d5 17. Bb3 dxe4 18. dxe4 Nc6 19. Na3 Na5 20. Bxa5 bxa5 21. Nc4 Kh7 22. Qd2 f5 23. Nxa5 Bxe4 24. Nc4 Bd5 25. Qe2 f4 26. Ne5 fxg3 27. fxg3 Rf5 28. Bxd5 Rxe5 29. Be4 Rf8 30. Qd3 Rf6 31. Rf1 Rxe4 32. Rxf6 Bxf6 33. Qxe4 Qxg3+ 34. Qg2 Qxh4 35. Rf1 Kh6 36. b4 Bg5 37. Rf8 Be3+ 38. Kf1 1-0


[Site "https://www.chess.com"]